Map: Rooftop Terrace

Players

Boom

  • Race: Protoss Protoss
  • League: Platinum
  • Spawn Location: 5:00

illuzion

  • Race: Zerg Zerg
  • Spawn Location: 6:00

JamesStewart

  • Race: Terran Terran
  • Spawn Location: 7:00

NovoMind

  • Race: Terran Terran
  • League: Silver
  • Spawn Location: 6:00

Infamous

  • Race: Protoss Protoss
  • League: Gold
  • Spawn Location: 12:00

bobo

  • Race: Protoss Protoss
  • Spawn Location: 12:00

Silver

  • Race: Terran Terran
  • Spawn Location: 11:00

Sick

  • Race: Terran Terran
  • League: Silver
  • Spawn Location: 1:00

VOD

Have the link to the VOD?

Description

Time

  • Played on: April 12, 2018, 11:45 a.m.
  • Length: 15:36
Show
View Real Time Build Order
Export as new Build Order

Boom Protoss 

Build Orders: 1 Gate Expand, Carrier Rush 

Get SALT Encoding   

  12  0:04  Probe  
  13  0:20  Probe  
  14  0:21  Pylon  
  14  0:33  Probe  
  15  0:45  Probe, Gateway  
  16  0:57  Probe  
  16  0:59  Assimilator  
  17  1:18  Nexus  
  17  1:23  Probe  
  18  1:32  Cybernetics Core  
  18  1:39  Assimilator  
  18  1:42  Probe (Chrono Boost)  
  19  1:53  Probe (Chrono Boost)  
  20  1:58  Probe (Chrono Boost)  
  21  2:09  Probe  
  22  2:21  Probe  
  23  2:29  Stargate  
  23  2:33  Pylon  
  23  2:34  Probe (Chrono Boost)  
  23  2:35  Probe (Chrono Boost)  
  25  2:41  Forge  
  25  2:46  Probe (Chrono Boost)  
  25  2:47  Probe (Chrono Boost)  
  27  2:53  Probe (Chrono Boost)  
  27  2:54  Probe (Chrono Boost)  
  29  3:03  Assimilator  
  29  3:12  Fleet Beacon  
  29  3:15  Probe x2  
  31  3:23  Assimilator  
  31  3:27  Probe  
  31  3:28  Probe  
  33  3:39  Probe  
  34  3:59  Nexus  
  34  4:00  Carrier (Chrono Boost)  
  34  4:09  Graviton Catapult  
  40  4:17  Pylon  
  40  4:25  Probe x2  
  42  4:35  Pylon  
  42  4:37  Probe  
  43  4:43  Photon Cannon  
  43  4:47  Protoss Shields Level 1  
  43  4:49  Protoss Air Weapons Level 1  
  43  4:51  Probe x2  
  45  5:05  Carrier (Chrono Boost)  
  45  5:11  Probe  
  45  5:12  Probe x2  
  54  5:23  Shield Battery  
  54  5:27  Pylon  
  54  5:53  Stargate  
  54  5:54  Probe x3  
  54  5:55  Pylon  
  57  6:04  Photon Cannon  
  57  6:06  Probe  
  57  6:07  Probe x2  
  60  6:13  Assimilator  
  60  6:16  Assimilator  
  60  6:17  Carrier  
  67  6:18  Probe  
  67  6:19  Probe x2  
  69  6:30  Probe  
  69  6:31  Probe  
  71  6:33  Twilight Council  
  71  6:35  Pylon  
  71  6:38  Carrier  
  77  6:40  Protoss Air Weapons Level 2  
  77  6:42  Pylon  
  77  6:46  Probe x2  
  79  7:02  Stargate  
  79  7:06  Probe  
  79  7:07  Probe x2  
  82  7:25  Cybernetics Core  
  82  7:26  Protoss Shields Level 2 (Chrono Boost)  
  82  7:28  Pylon  
  82  7:40  Probe x3  
  85  7:49  Carrier x2 (Chrono Boost)  
  97  8:03  Carrier (Chrono Boost)  
  97  8:04  Nexus  
  97  8:06  Pylon  
  103  8:32  Photon Cannon  
  103  8:35  Shield Battery  
  103  8:39  Assimilator  
  103  8:40  Assimilator  
  103  8:54  Robotics Facility  
  103  8:56  Protoss Air Weapons Level 3 (Chrono Boost), Protoss Air Armor Level 1 (Chrono Boost)  
  103  9:03  Photon Cannon  
  103  9:17  Carrier x2  
  103  9:20  Carrier  
  121  9:34  Probe x3  
  121  9:36  Probe  
  125  9:41  Observer  
  125  9:42  Protoss Shields Level 3 (Chrono Boost)  
  126  9:56  Probe x4  
  130  10:03  Observer  
  131  10:12  Probe x3  
  134  10:39  Stargate x2  
  134  10:42  Carrier  
  140  11:00  Pylon  
  140  11:03  Pylon  
  140  11:05  Protoss Air Armor Level 2 (Chrono Boost)  
  140  11:12  Pylon  
  140  11:13  Pylon  
  140  11:14  Pylon  
  140  11:18  Mothership (Chrono Boost)  
  148  11:21  Carrier  
  154  11:30  Carrier  
  148  12:15  Carrier x3  
  166  12:49  Carrier  
  160  13:00  Carrier  
  172  13:17  Pylon  
  172  13:18  Pylon  
  172  13:20  Pylon  
  172  13:21  Pylon  
  172  13:22  Pylon  
  172  14:05  Carrier x2  
Show
View Real Time Build Order
Export as new Build Order

illuzion Zerg 

Build Orders: Pool First 

Get SALT Encoding   

  12  0:03  Drone  
  13  0:10  Drone  
  14  0:18  Overlord  
  14  0:36  Spawning Pool  
  14  0:39  Drone  
  14  0:45  Drone  
  14  0:49  Drone  
  16  0:54  Overlord  
  16  1:09  Extractor  
  16  1:10  Extractor  
  14  1:13  Overlord  
  14  1:34  Queen  
  14  1:36  Drone x3  
  19  1:51  Drone  
  20  1:58  Drone  
  21  2:09  Drone  
  22  2:31  Overlord, Hatchery  
  22  2:32  Overlord  
  21  2:48  Lair  
  21  2:52  Drone  
  21  2:53  Drone x3  
  25  3:22  Hatchery  
  24  3:35  Overlord x2  
  24  3:36  Overlord  
  24  3:43  Queen  
  24  3:45  Drone  
  27  4:04  Drone x2  
  29  4:16  Drone  
  30  4:27  Drone  
  31  4:32  Extractor  
  31  4:34  Extractor  
  31  4:36  Queen  
  31  4:37  Drone  
  32  4:53  Spire  
  32  4:56  Spire  
  32  4:59  Drone x3  
  33  5:01  Drone x2  
  35  5:07  Drone x2  
  35  5:08  Drone  
  38  5:23  Overlord  
  38  5:24  Overlord x3  
  38  5:35  Drone x4  
  42  5:37  Drone  
  43  5:45  Drone  
  44  5:54  Drone x5  
  44  5:55  Drone  
  50  5:59  Extractor  
  50  6:02  Extractor  
  48  6:05  Drone  
  48  6:06  Drone x3  
  48  6:07  Drone  
  53  6:15  Drone  
  54  6:26  Drone x3  
  54  6:28  Drone x2  
  59  6:35  Drone  
  59  6:39  Drone  
  62  6:40  Drone x3  
  62  6:44  Zerg Flyer Weapons Level 1, Zerg Flyer Armor Level 1  
  64  6:48  Mutalisk x4  
  64  6:49  Mutalisk  
  74  6:56  Drone x4  
  78  7:16  Drone x4  
  78  7:17  Drone  
  78  7:22  Mutalisk x6  
  87  7:23  Mutalisk  
  97  7:55  Mutalisk x3  
  97  7:56  Mutalisk x3  
  109  8:08  Overlord  
  109  8:09  Overlord x5  
  109  8:12  Pneumatized Carapace  
  109  8:29  Overseer  
  109  8:30  Overseer  
  109  8:38  Mutalisk  
  109  8:39  Mutalisk x4  
  119  8:42  Zerg Flyer Weapons Level 2, Zerg Flyer Armor Level 2  
  119  9:14  Overlord x4  
  119  9:15  Overlord  
  119  9:20  Mutalisk x2  
  119  9:21  Mutalisk x4  
  131  9:46  Infestation Pit  
  122  11:42  Hive  
  122  11:51  Mutalisk x3  
  122  11:52  Mutalisk x7  
  122  11:53  Mutalisk x3  
  148  11:54  Mutalisk x5  
  148  11:55  Mutalisk x6  
  148  11:56  Mutalisk  
  148  12:01  Mutalisk  
  172  12:03  Mutalisk  
  176  12:39  Overseer  
  176  12:56  Zerg Flyer Weapons Level 3, Zerg Flyer Armor Level 3  
  176  13:14  Mutalisk  
  176  13:15  Mutalisk x4  
  176  13:16  Mutalisk  
  178  14:13  Spawning Pool  
  177  14:23  Mutalisk x3  
  177  14:24  Mutalisk x5  
  193  14:32  Overlord x4  
  193  15:00  Queen  
Show
View Real Time Build Order
Export as new Build Order

JamesStewart Terran 

Build Orders:  

Get SALT Encoding   

  12  0:05  SCV  
  13  0:17  SCV  
  14  0:30  SCV  
  15  0:48  Supply Depot  
  15  1:10  SCV  
  16  1:13  Barracks  
  16  1:22  SCV  
  17  1:31  Command Center  
  17  1:34  SCV  
  17  1:38  Refinery  
  18  1:40  Refinery  
  18  1:46  SCV  
  19  1:51  Supply Depot  
  19  1:58  SCV  
  20  2:10  SCV  
  21  2:22  SCV  
  21  2:26  Factory  
  22  2:33  Engineering Bay  
  22  2:35  SCV  
  23  2:46  SCV, Refinery  
  24  2:54  SCV  
  24  2:58  SCV  
  26  3:03  Supply Depot  
  26  3:07  SCV  
  26  3:10  SCV  
  28  3:18  Starport  
  28  3:22  SCV  
  29  3:31  Supply Depot  
  29  3:34  SCV  
  30  3:46  SCV  
  30  3:47  Refinery  
  31  3:58  SCV  
  31  4:00  Starport Tech Lab  
  32  4:04  Starport  
  32  4:07  Starport  
  32  4:10  SCV  
  33  4:18  Armory  
  33  4:22  SCV  
  34  4:25  Armory  
  34  4:30  Building Armor  
  34  4:35  SCV  
  35  4:46  Liberator  
  35  4:47  SCV  
  35  4:52  Fusion Core  
  36  4:53  Starport Tech Lab  
  36  4:58  Starport Tech Lab  
  36  4:59  SCV  
  40  5:10  Supply Depot  
  40  5:11  SCV  
  40  5:12  Liberator  
  41  5:15  Liberator  
  41  5:23  SCV  
  42  5:35  SCV  
  49  5:37  Terran Ship Weapons Level 1  
  49  5:41  Terran Vehicle And Ship Armor Level 1  
  49  5:46  Supply Depot, Liberator  
  49  5:47  SCV  
  50  5:51  Orbital Command  
  50  5:59  SCV  
  54  6:08  Advanced Ballistics  
  54  6:11  SCV  
  55  6:23  SCV  
  56  6:27  Command Center  
  56  6:29  Hi-Sec Auto Tracking  
  56  6:34  Supply Depot  
  62  6:47  Battlecruiser  
  62  7:18  Supply Depot  
  62  7:30  SCV  
  63  7:40  SCV  
  63  7:42  SCV  
  63  7:43  Refinery  
  65  7:52  SCV  
  65  7:54  SCV  
  65  7:56  Refinery  
  67  8:02  Battlecruiser  
  67  8:03  Battlecruiser  
  67  8:04  Battlecruiser, SCV  
  86  8:06  SCV  
  87  8:16  SCV  
  87  8:18  Terran Ship Weapons Level 2  
  87  8:19  SCV  
  89  8:24  Supply Depot  
  89  8:29  SCV  
  89  8:33  Terran Vehicle And Ship Armor Level 2  
  90  8:52  Supply Depot  
  90  9:06  Battlecruiser  
  96  9:28  Command Center  
  96  9:55  Battlecruiser x2  
  108  10:08  Starport  
  108  10:11  Battlecruiser  
  114  10:35  Terran Ship Weapons Level 3  
  114  10:51  Terran Vehicle And Ship Armor Level 3  
  114  10:54  Starport Tech Lab  
  114  10:59  Battlecruiser  
  120  11:10  Refinery  
  120  11:11  Refinery  
  76  13:57  Starport  
  76  13:58  Starport  
  76  14:16  SCV  
  77  14:28  SCV  
  78  14:36  Starport Tech Lab  
  78  14:37  Starport Tech Lab  
  78  14:40  SCV  
  78  14:44  Starport Tech Lab  
  79  14:52  SCV  
  80  15:04  SCV  
  81  15:15  SCV  
Show
View Real Time Build Order
Export as new Build Order

NovoMind Terran 

Build Orders:  

Get SALT Encoding   

  12  0:02  SCV  
  13  0:16  SCV  
  14  0:29  Supply Depot, SCV  
  15  0:53  SCV  
  15  0:56  Barracks  
  16  1:01  Refinery  
  16  1:05  SCV  
  17  1:17  SCV  
  18  1:29  Command Center  
  18  1:35  SCV  
  19  1:42  Refinery  
  19  1:47  SCV  
  19  1:53  Bunker  
  20  1:55  Marine  
  20  1:59  SCV  
  22  2:11  SCV  
  23  2:25  Supply Depot  
  23  2:40  Marine, SCV  
  25  2:46  SCV  
  25  2:48  Refinery  
  26  2:57  SCV  
  26  2:58  Marine, SCV  
  27  3:03  Supply Depot  
  29  3:10  SCV  
  30  3:15  Factory  
  30  3:16  Marine, SCV  
  32  3:22  SCV  
  33  3:27  Refinery  
  33  3:35  SCV  
  33  3:36  Supply Depot  
  34  3:47  SCV  
  35  3:59  SCV  
  36  4:06  Orbital Command  
  36  4:12  Starport  
  36  4:27  Starport  
  36  4:38  SCV  
  37  4:48  Starport  
  37  4:49  Starport Tech Lab  
  37  4:50  SCV  
  37  4:51  Factory Tech Lab  
  38  5:00  Engineering Bay  
  38  5:02  SCV  
  38  5:05  Starport Reactor  
  39  5:13  Banshee  
  39  5:14  SCV, Cloaking Field  
  43  5:24  Starport  
  43  5:26  SCV  
  42  5:31  Starport Tech Lab  
  37  5:42  SCV  
  35  5:47  Missile Turret  
  35  5:50  Missile Turret  
  35  5:54  SCV  
  35  5:56  Viking  
  35  5:57  Viking  
  40  6:03  Starport Tech Lab  
  40  6:06  SCV  
  41  6:18  SCV  
  41  6:20  Orbital Command  
  41  6:25  Viking x2  
  44  6:31  SCV  
  44  6:32  Banshee  
  50  6:43  SCV  
  51  6:52  SCV  
  52  6:55  SCV  
  53  7:04  SCV  
  53  7:07  SCV  
  55  7:13  Banshee  
  55  7:14  Banshee  
  61  7:16  SCV  
  62  7:24  Supply Depot  
  62  7:25  Supply Depot  
  62  7:29  Supply Depot  
  62  7:45  SCV, Banshee, Viking x2  
  62  7:46  SCV  
  71  7:56  Banshee x2  
  77  7:58  SCV  
  78  8:15  Viking x2  
  82  8:28  Banshee  
  85  8:50  Supply Depot  
  85  8:52  Supply Depot  
  85  8:54  Supply Depot  
  85  9:11  Raven, Banshee x2  
  93  9:33  Hyperflight Rotors  
  93  9:35  Viking x2  
  97  9:54  Banshee x3  
  106  10:04  Viking  
  106  10:05  Viking  
  110  10:32  Command Center  
  110  11:24  Hi-Sec Auto Tracking  
  110  11:29  Missile Turret x2  
  110  11:30  Missile Turret  
  110  11:31  Missile Turret x2, Refinery  
  110  11:43  Banshee x3, Viking x2  
  106  12:46  Viking x2  
  106  12:47  Viking x3  
  116  13:23  Refinery  
  116  13:37  Planetary Fortress  
  116  14:08  Banshee x2  
  116  14:09  Banshee  
  125  14:19  Viking x2  
  129  14:49  Viking x2  
  129  14:51  Viking x2  
  137  14:52  Viking  
Show
View Real Time Build Order
Export as new Build Order

Infamous Protoss 

Build Orders: 1 Gate Expand 

Get SALT Encoding   

  12  0:11  Probe (Chrono Boost)  
  13  0:22  Pylon  
  13  0:23  Probe (Chrono Boost)  
  14  0:32  Probe (Chrono Boost)  
  15  0:40  Gateway  
  15  0:41  Probe  
  16  0:54  Probe  
  16  0:56  Assimilator  
  17  1:10  Probe (Chrono Boost)  
  18  1:20  Probe (Chrono Boost)  
  18  1:25  Probe (Chrono Boost)  
  19  1:29  Nexus  
  20  1:41  Cybernetics Core  
  20  1:47  Assimilator  
  20  1:49  Probe  
  21  1:58  Pylon  
  21  2:02  Probe (Chrono Boost)  
  22  2:14  Probe (Chrono Boost)  
  23  2:21  Probe  
  24  2:25  Stargate  
  24  2:26  Warp Gate  
  24  2:33  Probe  
  25  2:48  Probe (Chrono Boost)  
  25  2:50  Probe (Chrono Boost)  
  28  2:59  Stalker (Chrono Boost)  
  28  3:00  Pylon, Probe (Chrono Boost)  
  28  3:02  Probe (Chrono Boost)  
  31  3:07  Probe  
  31  3:10  Probe  
  33  3:23  Fleet Beacon  
  33  3:28  Stalker  
  33  3:30  Probe x2  
  37  3:48  Assimilator  
  37  4:02  Probe (Chrono Boost), Stargate  
  39  4:05  Probe (Chrono Boost)  
  39  4:14  Probe (Chrono Boost)  
  41  4:19  Probe (Chrono Boost)  
  41  4:22  Tempest  
  48  4:31  Probe (Chrono Boost)  
  48  4:36  Assimilator  
  49  4:40  Probe (Chrono Boost)  
  49  4:43  Probe (Chrono Boost), Pylon  
  49  4:44  Pylon  
  50  4:48  Forge  
  50  4:50  Shield Battery  
  50  4:57  Pylon  
  50  4:59  Probe (Chrono Boost)  
  52  5:05  Probe (Chrono Boost)  
  52  5:08  Stargate  
  52  5:09  Stargate  
  52  5:10  Probe (Chrono Boost)  
  53  5:22  Carrier  
  53  5:26  Protoss Shields Level 1 (Chrono Boost)  
  59  5:41  Pylon  
  59  5:43  Pylon  
  59  5:53  Void Ray  
  63  6:03  Pylon  
  63  6:04  Probe (Chrono Boost)  
  65  6:06  Pylon  
  65  6:07  Protoss Air Armor Level 1 (Chrono Boost)  
  65  6:09  Probe (Chrono Boost)  
  65  6:11  Photon Cannon  
  65  6:12  Shield Battery  
  65  6:14  Probe (Chrono Boost)  
  65  6:18  Probe (Chrono Boost)  
  67  6:23  Anion Pulse-Crystals  
  67  6:51  Carrier  
  73  6:57  Nexus  
  73  6:59  Pylon  
  73  7:01  Pylon  
  73  7:15  Carrier  
  73  7:17  Void Ray  
  83  7:29  Photon Cannon  
  83  7:30  Photon Cannon  
  83  7:34  Photon Cannon  
  83  7:39  Pylon  
  83  7:50  Photon Cannon, Void Ray  
  87  7:51  Pylon  
  87  8:06  Twilight Council  
  87  8:10  Probe (Chrono Boost)  
  87  8:12  Probe (Chrono Boost)  
  90  8:13  Probe (Chrono Boost)  
  90  8:20  Carrier  
  90  8:22  Probe (Chrono Boost)  
  97  8:27  Photon Cannon  
  97  8:38  Phoenix  
  99  8:42  Assimilator  
  99  8:44  Protoss Shields Level 2, Probe (Chrono Boost), Assimilator  
  99  8:47  Protoss Air Weapons Level 1 (Chrono Boost)  
  102  8:50  Probe x2 (Chrono Boost)  
  102  8:54  Probe (Chrono Boost)  
  103  9:03  Void Ray  
  107  9:13  Photon Cannon  
  107  9:15  Photon Cannon  
  107  9:19  Graviton Catapult (Chrono Boost)  
  107  9:31  Probe x3  
  110  9:41  Pylon  
  110  9:43  Probe x2, Photon Cannon  
  112  9:45  Shield Battery  
  112  9:50  Photon Cannon  
  112  9:51  Carrier  
  112  9:52  Photon Cannon  
  118  9:56  Photon Cannon  
  118  10:02  Pylon  
  118  10:04  Carrier  
  124  10:23  Carrier (Chrono Boost)  
  130  10:40  Shield Battery  
  130  10:43  Shield Battery  
  130  10:46  Shield Battery  
  130  11:28  Tempest (Chrono Boost)  
  130  11:29  Carrier x2 (Chrono Boost)  
  148  11:39  Probe x3  
  151  11:43  Void Ray (Chrono Boost)  
  155  12:22  Carrier x2  
  153  12:48  Void Ray x2  
  155  13:18  Probe  
  155  13:19  Probe x2  
  158  13:31  Probe, Carrier x2 (Chrono Boost)  
  158  13:33  Stargate  
  171  13:35  Stargate  
  171  13:37  Stargate  
  165  13:48  Void Ray  
  119  14:41  Nexus  
  119  14:45  Pylon  
  119  14:47  Pylon  
  119  14:50  Pylon  
  119  14:52  Pylon  
  119  14:58  Pylon  
Show
View Real Time Build Order
Export as new Build Order

bobo Protoss 

Build Orders:  

Get SALT Encoding   

  12  0:02  Probe (Chrono Boost)  
  13  0:13  Probe (Chrono Boost)  
  14  0:21  Pylon  
  14  0:23  Probe  
  15  0:39  Probe  
  15  0:42  Gateway  
  16  0:48  Pylon  
  16  0:51  Probe  
  17  0:58  Assimilator  
  17  1:05  Probe (Chrono Boost)  
  18  1:12  Gateway  
  18  1:17  Probe (Chrono Boost)  
  20  1:26  Probe (Chrono Boost)  
  20  1:29  Zealot  
  20  1:31  Probe  
  22  1:35  Assimilator  
  23  1:45  Forge  
  23  1:49  Probe  
  24  2:01  Probe, Zealot  
  27  2:11  Pylon  
  27  2:20  Photon Cannon  
  27  2:25  Photon Cannon  
  27  2:34  Probe  
  28  2:46  Probe, Cybernetics Core  
  28  2:49  Pylon  
  29  2:56  Pylon  
  29  3:05  Probe  
  30  3:16  Photon Cannon  
  30  3:18  Photon Cannon  
  30  3:22  Probe (Chrono Boost)  
  31  3:33  Stargate  
  31  3:55  Stargate  
  31  4:12  Oracle  
  34  4:25  Nexus  
  34  4:26  Probe (Chrono Boost)  
  35  4:36  Pylon  
  35  4:37  Probe (Chrono Boost)  
  36  4:49  Void Ray  
  36  4:51  Void Ray  
  44  5:06  Stargate  
  44  5:15  Stargate  
  44  5:35  Void Ray  
  45  5:51  Probe (Chrono Boost)  
  46  6:01  Probe (Chrono Boost)  
  47  6:06  Probe (Chrono Boost), Void Ray  
  52  6:12  Assimilator  
  52  6:16  Probe (Chrono Boost)  
  54  6:21  Void Ray  
  54  6:23  Probe (Chrono Boost)  
  59  6:26  Probe (Chrono Boost)  
  60  6:34  Probe (Chrono Boost)  
  60  6:35  Probe (Chrono Boost)  
  61  6:41  Probe (Chrono Boost), Assimilator  
  61  6:43  Probe (Chrono Boost)  
  63  6:48  Void Ray  
  63  6:53  Probe (Chrono Boost)  
  63  6:54  Probe (Chrono Boost)  
  69  6:58  Probe (Chrono Boost)  
  70  7:08  Probe  
  71  7:17  Protoss Air Weapons Level 1  
  71  7:20  Probe  
  71  7:21  Cybernetics Core  
  72  7:32  Probe  
  72  7:37  Void Ray  
  73  7:40  Stargate  
  73  7:43  Nexus  
  78  7:44  Probe (Chrono Boost)  
  78  7:54  Assimilator  
  78  7:58  Assimilator  
  78  8:02  Pylon  
  78  8:06  Pylon  
  78  8:20  Probe, Void Ray  
  78  8:23  Void Ray x2  
  91  8:30  Pylon  
  91  8:32  Probe (Chrono Boost)  
  92  8:34  Pylon  
  92  8:44  Probe (Chrono Boost)  
  93  8:52  Probe (Chrono Boost)  
  95  8:55  Probe (Chrono Boost)  
  95  9:01  Void Ray  
  100  9:04  Probe (Chrono Boost)  
  100  9:05  Probe (Chrono Boost)  
  100  9:06  Void Ray  
  105  9:10  Probe (Chrono Boost)  
  106  9:17  Photon Cannon  
  106  9:20  Photon Cannon  
  106  9:22  Probe  
  107  9:33  Void Ray  
  107  9:34  Probe  
  112  9:43  Void Ray  
  116  9:46  Probe  
  116  9:49  Void Ray  
  121  9:58  Probe (Chrono Boost)  
  122  10:10  Probe (Chrono Boost)  
  123  10:16  Probe (Chrono Boost)  
  124  10:23  Protoss Air Armor Level 1  
  124  10:24  Probe  
  125  10:29  Pylon  
  125  10:31  Pylon  
  125  10:36  Fleet Beacon  
  125  10:42  Stargate  
  125  10:47  Void Ray x2  
  125  10:49  Void Ray  
  137  10:50  Void Ray  
  141  11:13  Pylon  
  141  11:14  Pylon  
  141  11:16  Pylon  
  141  11:30  Void Ray  
  141  11:31  Probe (Chrono Boost)  
  146  11:40  Void Ray  
  146  11:41  Void Ray  
  146  11:42  Probe (Chrono Boost), Void Ray x2  
  146  11:47  Probe (Chrono Boost)  
  148  11:57  Probe  
  105  12:09  Probe (Chrono Boost)  
  105  12:15  Void Ray  
  110  12:21  Probe (Chrono Boost)  
  111  12:29  Probe (Chrono Boost)  
  93  13:16  Nexus  
  93  13:19  Pylon  
  93  13:22  Pylon  
  93  13:26  Void Ray  
  93  13:27  Void Ray x3  
  97  13:28  Void Ray  
  113  13:37  Tempest  
  119  13:44  Pylon  
  119  13:45  Pylon  
  119  13:52  Stargate  
  119  13:54  Stargate  
  119  14:33  Tempest (Chrono Boost)  
  129  14:45  Void Ray (Chrono Boost)  
  128  15:09  Nexus  
Show
View Real Time Build Order
Export as new Build Order

Silver Terran 

Build Orders:  

Get SALT Encoding   

  12  0:03  SCV  
  13  0:15  SCV  
  14  0:27  Refinery  
  14  0:30  SCV  
  14  0:31  Refinery  
  15  0:47  Supply Depot  
  15  0:57  Supply Depot  
  15  1:09  SCV  
  16  1:17  Barracks  
  16  1:21  SCV  
  17  1:33  SCV  
  17  1:35  Barracks  
  18  2:03  Orbital Command  
  18  2:06  Engineering Bay  
  18  2:08  Barracks Reactor  
  18  2:27  Factory  
  18  2:29  Marine  
  19  2:45  Sensor Tower  
  19  2:47  Marine  
  20  2:52  Marine  
  20  2:57  Marine  
  22  3:08  Barracks Tech Lab  
  22  3:11  Marine  
  23  3:15  Marine  
  23  3:16  Factory Tech Lab  
  24  3:32  Missile Turret  
  24  3:45  SCV  
  25  3:54  Missile Turret  
  25  3:57  SCV  
  25  3:59  Cyclone  
  29  4:04  Marine  
  30  4:17  Missile Turret  
  30  4:23  Supply Depot  
  30  4:45  Marine x2, Siege Tank, Marauder  
  37  5:04  Ghost Academy  
  37  5:10  Marine x2  
  39  5:17  Siege Tank  
  42  5:26  Marauder  
  44  5:33  Personal Cloaking  
  44  5:48  Supply Depot  
  44  5:49  Siege Tank  
  47  5:58  Ghost  
  49  6:13  Armory  
  49  6:21  Widow Mine  
  51  6:28  Marauder  
  53  6:49  Marine  
  54  6:59  Nuke  
  54  7:12  Marine x2  
  56  7:29  Starport  
  56  7:33  Command Center  
  54  8:43  Starport Reactor  
  54  8:52  Nuke  
  54  8:55  Marine x3, Ghost Academy  
  57  9:00  Planetary Fortress  
  57  9:07  Missile Turret  
  57  9:12  Marine  
  57  9:13  Marine x2  
  60  9:28  Widow Mine  
  60  9:29  Missile Turret  
  60  9:30  Marine x2  
  60  9:31  Marine  
  65  9:40  Viking  
  67  9:48  Marine x3  
  67  9:49  Missile Turret, Widow Mine  
  84  9:52  Viking  
  72  9:57  SCV  
  75  10:09  SCV  
  75  10:10  Missile Turret  
  76  10:18  Refinery  
  76  10:33  Terran Infantry Weapons Level 1  
  66  11:03  SCV  
  66  11:15  SCV  
  67  11:27  SCV  
  51  12:18  Supply Depot  
  51  12:40  Supply Depot  
  35  13:04  Supply Depot  
  35  13:28  Command Center  
  3  14:56  SCV  
Show
View Real Time Build Order
Export as new Build Order

Sick Terran 

Build Orders:  

Get SALT Encoding   

  12  0:09  SCV  
  13  0:21  SCV  
  14  0:33  Supply Depot, SCV  
  15  0:54  SCV  
  15  0:55  Refinery  
  15  0:57  Supply Depot  
  16  1:00  Refinery  
  16  1:06  SCV  
  17  1:18  SCV  
  17  1:20  Barracks  
  18  1:31  SCV  
  19  2:13  Barracks Reactor  
  19  2:17  Barracks  
  19  2:25  Orbital Command  
  19  2:56  SCV  
  20  3:02  Marine  
  20  3:03  Marine  
  22  3:05  Barracks  
  22  3:07  Barracks Tech Lab  
  22  3:09  SCV  
  23  3:16  Supply Depot  
  23  3:20  Marine x2  
  23  3:21  SCV  
  26  3:33  SCV  
  27  3:38  Marine x2  
  27  3:40  Marauder, Engineering Bay  
  31  3:45  SCV  
  32  3:56  Marine x2  
  32  4:02  Marauder  
  36  4:07  Barracks Reactor  
  36  4:13  Barracks  
  36  4:19  Supply Depot  
  36  4:23  Marauder  
  38  4:37  Command Center  
  38  4:43  Supply Depot  
  38  4:44  Marauder  
  40  4:49  Combat Shields  
  40  4:53  Marine  
  40  4:54  Marine  
  40  4:57  Marine x2  
  44  5:06  Marauder  
  46  5:08  Barracks Reactor  
  46  5:13  Factory  
  46  5:15  Marine x2  
  46  5:17  Terran Infantry Weapons Level 1  
  48  5:28  Supply Depot  
  48  5:33  Marine  
  49  5:51  Refinery  
  49  5:57  Orbital Command  
  49  6:01  Refinery  
  49  6:05  Factory Tech Lab  
  49  6:07  Concussive Shells  
  49  6:12  Armory  
  49  6:27  SCV  
  50  6:39  SCV  
  51  6:52  SCV  
  52  7:01  Marine  
  52  7:02  Marine  
  52  7:04  Marine x2, SCV  
  52  7:07  Marauder  
  59  7:09  Marine  
  59  7:10  Marine  
  59  7:11  Terran Infantry Armor Level 1  
  61  7:16  SCV, Terran Vehicle And Ship Armor Level 1  
  61  7:19  Marine x2  
  61  7:22  Marine x2, Starport  
  66  7:27  Marine x2  
  66  7:28  Marauder  
  70  7:31  Thor  
  76  7:53  Marine x2  
  76  7:57  Marauder  
  80  7:59  Marine x2  
  80  8:02  Marine x2  
  84  8:10  Marine x2  
  86  8:27  Supply Depot  
  86  8:40  Starport Tech Lab  
  86  8:48  Marine x6  
  86  8:49  Marauder  
  86  8:50  Supply Depot  
  94  9:05  Terran Infantry Weapons Level 2  
  94  9:20  Supply Depot  
  94  9:31  Cloaking Field  
  94  9:34  Banshee  
  97  9:39  Terran Vehicle And Ship Armor Level 2  
  97  9:41  Supply Depot  
  97  9:45  Marine  
  97  9:46  Marine  
  99  9:55  Marauder  
  99  9:56  Marine x2  
  99  9:58  Marine  
  99  9:59  Marine  
  105  10:03  Marine x2  
  107  10:14  Marine x2  
  107  10:16  Marine x2  
  107  10:17  Banshee  
  114  10:39  Command Center  
  114  11:00  Banshee  
  114  11:01  Supply Depot  
  117  11:20  Terran Infantry Armor Level 2  
  117  11:22  Thor  
  117  11:24  Supply Depot  
  123  11:43  Banshee  
  123  11:46  Supply Depot  
  126  12:05  Thor  
  132  12:25  Banshee  
  127  12:48  Thor  
  118  13:08  Raven  
  119  13:50  Supply Depot  
  119  13:57  Marine x2  
  119  14:01  Marine x2  
  123  14:05  Marauder  
  123  14:08  Marine x2  
  127  14:15  Marine x2  
  129  14:19  Marine x2  
  131  14:26  Marine x2  
  131  14:27  Marauder  
  135  14:32  Marine x2  
  135  14:36  Marine  
  135  14:37  Marine  
  139  14:44  Marine x2  
  141  14:48  Marauder  
  141  14:50  Marine x2  
  145  14:54  Marine x2  
  143  15:02  Marine x2  
  145  15:09  Marauder  
Tags
 
Add a new tag
Caveats
  • Supply blocks, unpowered buildings, or Contaminate may cause inaccurate times.
  • Supply counts are checked every 10 seconds.